Map: Orbital Shipyard

Players

noseknowsall

  • Race: Protoss Protoss
  • League: Diamond

A.I. 1 (Very Easy) - Winner!

  • Race: Terran Terran

VOD

Have the link to the VOD?

Description

Zest's safe and aggressive DT Drop Build versus Terran.

Time

  • Played on: Feb. 27, 2016, 10:50 a.m.
  • Length: 5:06
Show
View Real Time Build Order
Export as new Build Order

noseknowsall Protoss 

Build Orders: 1 Gate Expand, Dark Templar Rush 

Get SALT Encoding   

  12  0:01  Probe (Chrono Boost)  
  13  0:12  Probe (Chrono Boost)  
  14  0:17  Pylon  
  14  0:22  Probe (Chrono Boost)  
  16  0:36  Probe (Chrono Boost), Gateway  
  16  0:46  Probe (Chrono Boost)  
  16  0:47  Assimilator  
  17  0:57  Probe (Chrono Boost)  
  18  1:07  Probe (Chrono Boost)  
  19  1:18  Probe (Chrono Boost)  
  20  1:24  Nexus  
  20  1:28  Probe (Chrono Boost)  
  21  1:38  Cybernetics Core  
  21  1:44  Pylon  
  21  1:47  Probe (Chrono Boost)  
  22  1:54  Assimilator  
  22  1:58  Probe (Chrono Boost)  
  24  2:08  Probe (Chrono Boost)  
  24  2:16  Adept  
  24  2:18  Warp Gate  
  24  2:19  Probe (Chrono Boost)  
  27  2:26  Robotics Facility  
  28  2:30  Probe (Chrono Boost)  
  28  2:39  Probe (Chrono Boost)  
  28  2:40  Probe (Chrono Boost)  
  30  2:47  Twilight Council  
  30  2:50  Probe (Chrono Boost)  
  31  2:52  Probe (Chrono Boost)  
  32  3:02  Probe (Chrono Boost)  
  32  3:03  Mothership Core (Chrono Boost)  
  35  3:12  Pylon  
  35  3:13  Probe (Chrono Boost)  
  36  3:21  Probe (Chrono Boost)  
  36  3:25  Probe (Chrono Boost)  
  36  3:26  Warp Prism  
  40  3:31  Dark Shrine  
  40  3:32  Probe (Chrono Boost)  
  41  3:38  Gateway  
  41  3:42  Gateway  
  41  3:44  Probe (Chrono Boost)  
  41  3:45  Probe (Chrono Boost)  
  43  3:48  Assimilator  
  43  3:54  Assimilator  
  43  3:55  Probe (Chrono Boost)  
  44  3:56  Probe (Chrono Boost)  
  46  4:03  Observer  
  46  4:14  Probe x2 (Chrono Boost)  
  48  4:23  Pylon  
  48  4:24  Probe (Chrono Boost)  
  48  4:25  Probe (Chrono Boost)  
  50  4:33  Observer  
  50  4:35  Probe x2 (Chrono Boost)  
  53  4:44  Dark Templar  
  56  4:45  Probe (Chrono Boost)  
  56  4:46  Dark Templar, Probe (Chrono Boost)  
  59  4:54  Nexus  
  59  4:57  Pylon  
Show
View Real Time Build Order
Export as new Build Order

A.I. 1 (Very Easy) Terran - Winner!

Build Orders: Reaper Expand 

Get SALT Encoding   

  12  0:00  SCV  
  13  0:13  SCV  
  14  0:19  Supply Depot  
  14  0:45  Barracks  
  14  1:06  Command Center  
  14  1:29  Supply Depot  
  14  1:31  Marine  
  15  1:34  Orbital Command  
  15  1:36  Refinery  
  15  1:50  Refinery  
  15  1:59  SCV  
  16  2:11  SCV  
  17  2:17  Reaper  
  17  2:18  SCV  
  19  2:25  SCV  
  20  2:32  SCV  
  21  2:39  SCV  
  22  2:46  SCV  
  22  2:47  Refinery  
  23  2:53  SCV  
  24  3:01  SCV  
  24  3:02  Marine  
  26  3:08  SCV  
  27  3:15  SCV  
  27  3:16  Factory  
  27  3:37  Refinery  
  27  3:39  SCV  
  28  3:46  SCV  
  28  3:47  Marine  
  30  3:53  SCV  
  31  3:58  Supply Depot  
  31  4:01  SCV  
  32  4:05  Starport  
  32  4:08  SCV  
  33  4:15  SCV  
  33  4:22  SCV  
  34  4:29  SCV  
  35  4:32  Reaper  
  35  4:36  SCV  
  37  4:41  Starport Tech Lab  
  37  4:44  SCV  
  38  4:46  Supply Depot  
  38  4:51  SCV  
Tags
 
Add a new tag
Caveats
  • Supply blocks, unpowered buildings, or Contaminate may cause inaccurate times.
  • Supply counts are checked every 10 seconds.